[Event "Late-Titled-Tuesday-Blitz-January-23-2024"]
[Site "Chess.com"]
[Date "2024.01.23"]
[Round "1"]
[White "Crazy_girl99"]
[Black "disciplinedbrat"]
[Result "1-0"]
[WhiteElo "2603"]
[BlackElo "2289"]
[TimeControl "180+1"]
[EndTime "14:01:24 PST"]
[Termination "Crazy_girl99 won by resignation"]

1. e4 c6 2. d4 d5 3. e5 Bf5 4. Nf3 e6 5. Be2 c5 6. O-O Nc6 7. Be3 Qb6 8. Nc3 cxd4 9. Bxd4 Qc7 10. Nb5 Qb8 11. c4 Nge7 12. Nd6+ 1-0

[Event "Late-Titled-Tuesday-Blitz-January-23-2024"]
[Site "Chess.com"]
[Date "2024.01.23"]
[Round "1"]
[White "Kiborg95"]
[Black "MusicCityMaster"]
[Result "0-1"]
[WhiteElo "2836"]
[BlackElo "2475"]
[TimeControl "180+1"]
[EndTime "14:01:27 PST"]
[Termination "MusicCityMaster won by resignation"]

1. e4 e6 2. Nc3 d5 3. d3 Nf6 4. e5 Nfd7 5. f4 c5 6. Nf3 Nc6 7. Be2 b5 8. a3 Qb6 9. O-O b4 10. axb4 cxb4+ 0-1

[Event "Late-Titled-Tuesday-Blitz-January-23-2024"]
[Site "Chess.com"]
[Date "2024.01.23"]
[Round "1"]
[White "Boninknights"]
[Black "angelgab3"]
[Result "0-1"]
[WhiteElo "2363"]
[BlackElo "2672"]
[TimeControl "180+1"]
[EndTime "14:01:39 PST"]
[Termination "angelgab3 won by resignation"]

1. d4 Nf6 2. Nf3 e6 3. c4 d5 4. g3 dxc4 5. Qa4+ Nbd7 6. Bg2 a6 7. Qxc4 b5 8. Qc6 Ra7 9. Bg5 Bb7 10. Bxf6 Qxf6 11.
Qxc7 Bb4+ 12. Nbd2 Bxf3 13. Qxa7 Bxg2 14. Qa8+ Bxa8 0-1

[Event "Late-Titled-Tuesday-Blitz-January-23-2024"]
[Site "Chess.com"]
[Date "2024.01.23"]
[Round "1"]
[White "BlackGod93"]
[Black "fks_stal_mielec"]
[Result "1-0"]
[WhiteElo "2581"]
[BlackElo "2222"]
[TimeControl "180+1"]
[EndTime "14:01:48 PST"]
[Termination "BlackGod93 won by resignation"]

1. e4 c5 2. Nf3 Nc6 3. c3 e5 4. Bb5 d6 5. h3 g6 6. d4 cxd4 7. cxd4 exd4 8. Nxd4 Bd7 9. Nxc6 Bxc6 10. Bxc6+ bxc6 11. Qd4 Bg7 12. Qxg7 Qf6 13. Qxf6 Nxf6 14. Nc3 Kd8 15. Bg5 Ke7 16. O-O-O h6 17. Bxf6+ Kxf6 18. Rxd6+ Ke7 19. Rhd1 1-0

[Event "Late-Titled-Tuesday-Blitz-January-23-2024"]
[Site "Chess.com"]
[Date "2024.01.23"]
[Round "1"]
[White "Rawnsdale"]
[Black "Fernando_Offermann"]
[Result "1-0"]
[WhiteElo "2553"]
[BlackElo "2028"]
[TimeControl "180+1"]
[EndTime "14:01:51 PST"]
[Termination "Rawnsdale won by resignation"]

1. e4 e5 2. Nf3 Nc6 3. Bb5 a6 4. Ba4 Nf6 5. O-O d6 6. Re1 Bd7 7. c3 g6 8. d4 Bg7 9. Nbd2 O-O 10. Nf1 b5 11. Bc2 exd4 12. cxd4 Nb4 13. Bb1 c5 14. a3 Nc6 15. d5 Nd4 16. Nxd4 cxd4 17. Qxd4 Nxe4 18.
Qxe4 Re8 19. Qb4 1-0

[Event "Late-Titled-Tuesday-Blitz-January-23-2024"]
[Site "Chess.com"]
[Date "2024.01.23"]
[Round "1"]
[White "Elsa167"]
[Black "Hananmo"]
[Result "1-0"]
[WhiteElo "2947"]
[BlackElo "2501"]
[TimeControl "180+1"]
[EndTime "14:02:06 PST"]
[Termination "Elsa167 won by resignation"]

1. d4 Nf6 2. c4 g6 3. Nc3 Bg7 4. e4 d6 5. h3 O-O 6. Be3 e5 7. d5 a5 8. g4 Na6 9. Nge2 c6 10.
Ng3 cxd5 11. cxd5 Nc5 12. Qd2 a4 13. f3 Qa5 14. Nb5 Qb6 15. Rc1 Bd7 16. Nxd6 Ra5 17.
Nc4 1-0

[Event "Late-Titled-Tuesday-Blitz-January-23-2024"]
[Site "Chess.com"]
[Date "2024.01.23"]
[Round "1"]
[White "StankovicIvan"]
[Black "BozeKat"]
[Result "1-0"]
[WhiteElo "2549"]
[BlackElo "2016"]
[TimeControl "180+1"]
[EndTime "14:02:15 PST"]
[Termination "StankovicIvan won by resignation"]

1. e4 c6 2. d4 d5 3. e5 Bf5 4. h4 h5 5. Bg5 Qb6 6. Bd3 Qxd4 7. Nf3 Qg4 8. Bxf5 Qxf5 9. c4 e6 10. O-O Nd7 11. Re1 Bb4 12. Nbd2 Ne7 13. a3 Ba5 14.
Rc1 O-O 15. Bxe7 1-0

[Event "Late-Titled-Tuesday-Blitz-January-23-2024"]
[Site "Chess.com"]
[Date "2024.01.23"]
[Round "1"]
[White "JaackCamel"]
[Black "Championnn-9"]
[Result "1-0"]
[WhiteElo "2171"]
[BlackElo "2545"]
[TimeControl "180+1"]
[EndTime "14:02:17 PST"]
[Termination "JaackCamel won by resignation"]

1. d4 Nf6 2. c4 g6 3. Nc3 d5 4.
cxd5 Nxd5 5. e4 Nxc3 6. bxc3 Bg7 7. Nf3 c5 8. Be3 O-O 9. Be2 Nc6 10. O-O Bg4 11. d5 Bxf3 12. Bxf3 Na5 13. Bxc5 Bxc3 14. Rc1 Bg7 1-0

[Event "Late-Titled-Tuesday-Blitz-January-23-2024"]
[Site "Chess.com"]
[Date "2024.01.23"]
[Round "1"]
[White "NovakRatko"]
[Black "OglazaOskar2005"]
[Result "1-0"]
[WhiteElo "2359"]
[BlackElo "2633"]
[TimeControl "180+1"]
[EndTime "14:02:28 PST"]
[Termination "NovakRatko won by resignation"]

1. d4 Nf6 2. c4 g6 3. Nc3 d5 4. f3 c5 5. dxc5 d4 6. Na4 e5 7.
a3 Be6 8. e3 Bg7 9. exd4 exd4 10. Bd3 O-O 11. Ne2 Nc6 12. O-O Ne5 13. Bg5 h6 14. Bh4 Nxc4 1-0

[Event "Late-Titled-Tuesday-Blitz-January-23-2024"]
[Site "Chess.com"]
[Date "2024.01.23"]
[Round "1"]
[White "katharinareinecke"]
[Black "crazyluzhinTh3"]
[Result "0-1"]
[WhiteElo "2014"]
[BlackElo "2549"]
[TimeControl "180+1"]
[EndTime "14:02:49 PST"]
[Termination "crazyluzhinTh3 won by resignation"]

1. d4 d6 2. c4 e5 3. dxe5 dxe5 4. Qxd8+ Kxd8 5. e4 Be6 6. Nc3 Nd7 7. b3 c6 8. Bb2 Kc7 9. O-O-O f6 10. Nge2 Nh6 11. f3 a5 12. g4 Nf7 13. h4 h5 14. Bh3 Nc5 15. gxh5 Bxh3 16. Rxh3 Rxh5 17. Ng3 Rh7 18. Nf5 g6 19. Ne3 Bh6 20. Re1 Nd3+ 0-1

[Event "Late-Titled-Tuesday-Blitz-January-23-2024"]
[Site "Chess.com"]
[Date "2024.01.23"]
[Round "1"]
[White "j_coca"]
[Black "Firouzja2003"]
[Result "0-1"]
[WhiteElo "2541"]
[BlackElo "3143"]
[TimeControl "180+1"]
[EndTime "14:02:50 PST"]
[Termination "Firouzja2003 won by resignation"]

1. f4 d5 2. Nf3 g6 3. e3 Bg7 4. d4 Nh6 5. c3 O-O 6. Bd3 Nc6 7. O-O f6 8. Nbd2 e5 9. Bc2 e4 10. Ne1 f5 11. g3 b6 12. Rf2 Ba6 13. h3 Na5 14. Rg2 c5 15. Nf1 Rc8 16. Nh2 cxd4 17.
cxd4 Rf7 18. Bd2 Nc4 19. b3 Na3 20. Rc1 Rfc7 21. Bb1 Rxc1 22. Bxc1 Nxb1 23. Bb2 Nc3 24.
Qa1 Ne2+ 25. Kh1 Qc7 26. g4 Bf8 27. gxf5 Nxf5 28. Ng4 Be7 29. Kh2 Bh4 30. Qd1 Nxe3 31.
Nxe3 Qxf4+ 32. Kh1 Qxe3 33. Nc2 Qxh3+ 34. Rh2 Qf3+ 35.
Rg2 Ng3+ 36. Kh2 Qxd1 0-1

[Event "Late-Titled-Tuesday-Blitz-January-23-2024"]
[Site "Chess.com"]
[Date "2024.01.23"]
[Round "1"]
[White "baag"]
[Black "wild3000"]
[Result "1-0"]
[WhiteElo "2852"]
[BlackElo "2458"]
[TimeControl "180+1"]
[EndTime "14:02:52 PST"]
[Termination "baag won by resignation"]

1. d4 Nf6 2. c4 e6 3. Nc3 d5 4. cxd5 exd5 5. Bg5 Be7 6. e3 O-O 7. Bd3 c6 8. Qc2 Nbd7 9. Nf3 Re8 10. O-O h6 11. Bf4 b6 12. Nb5 Bb7 13. Nc7 Nh5 14. Nxe8 Nxf4 15. exf4 Qxe8 16. Rfe1 Qd8 17. Ne5 Rc8 18.
Nxd7 Qxd7 19. Bf5 Qd8 20. Bxc8 Bxc8 21. Qxc6 Be6 22. Rac1 g6 23. Rxe6 fxe6 24. Qxe6+ 1-0

[Event "Late-Titled-Tuesday-Blitz-January-23-2024"]
[Site "Chess.com"]
[Date "2024.01.23"]
[Round "1"]
[White "GrotBchess"]
[Black "CamillaEffect"]
[Result "1-0"]
[WhiteElo "2310"]
[BlackElo "2589"]
[TimeControl "180+1"]
[EndTime "14:02:52 PST"]
[Termination "GrotBchess won by resignation"]

1. e4 e5 2. Nf3 Nc6 3. Bb5 f5 4.
d3 fxe4 5. dxe4 Nf6 6. Nc3 Bb4 7.
Qd3 Bxc3+ 8. bxc3 d6 9. Qc4 Bd7 10. O-O a6 11. Bxc6 Bxc6 12. Re1 Nxe4 13. Rxe4 Bxe4 14. Qxe4 O-O 15. Qxb7 Qf6 16. Be3 Qf5 17.
Qxc7 Qxc2 18. Qxd6 e4 19. Ng5 Qxc3 20. Qd5+ Kh8 21. Nf7+ 1-0

[Event "Late-Titled-Tuesday-Blitz-January-23-2024"]
[Site "Chess.com"]
[Date "2024.01.23"]
[Round "1"]
[White "Jesusesmifuerza"]
[Black "DrCeltic"]
[Result "0-1"]
[WhiteElo "2287"]
[BlackElo "2602"]
[TimeControl "180+1"]
[EndTime "14:03:06 PST"]
[Termination "DrCeltic won by resignation"]

1. e4 c5 2. Nf3 e6 3. d4 cxd4 4. Nxd4 Nf6 5. Nc3 d6 6. Bc4 Be7 7. O-O O-O 8. Re1 a6 9. Be3 b5 10. Bb3 b4 11. Na4 Nxe4 12. Nxe6 Bxe6 13. Bb6 Qd7 14.
Rxe4 d5 15. Re1 Qb5 16. Bd4 Nd7 0-1

[Event "Late-Titled-Tuesday-Blitz-January-23-2024"]
[Site "Chess.com"]
[Date "2024.01.23"]
[Round "1"]
[White "Kamilek84"]
[Black "AC_20"]
[Result "1-0"]
[WhiteElo "2689"]
[BlackElo "2376"]
[TimeControl "180+1"]
[EndTime "14:03:08 PST"]
[Termination "Kamilek84 won by resignation"]

1. d4 d5 2. c4 e6 3. Nf3 Nf6 4. g3 Bb4+ 5. Bd2 Be7 6. Bg2 O-O 7. O-O c6 8. Qb3 Nbd7 9. Rc1 Ne4 10. Be1 f5 11.
Bb4 a5 12. Bxe7 Qxe7 13. Nc3 Ndf6 14. Ne5 Kh8 15. f3 Nxc3 16. Qxc3 Qb4 17. c5 Qxc3 18. bxc3 Nd7 19. Nd3 Re8 20. f4 b5 21. cxb6 Nxb6 22. Ne5 Nc4 23. Nxc4 1-0

[Event "Late-Titled-Tuesday-Blitz-January-23-2024"]
[Site "Chess.com"]
[Date "2024.01.23"]
[Round "1"]
[White "MokshanovAlexey"]
[Black "Roedor"]
[Result "1-0"]
[WhiteElo "2628"]
[BlackElo "2315"]
[TimeControl "180+1"]
[EndTime "14:03:38 PST"]
[Termination "MokshanovAlexey won by checkmate"]

1. e4 e5 2. Nf3 Nc6 3. d4 exd4 4. Nxd4 Nf6 5. Nxc6 bxc6 6. e5 Qe7 7. Qe2 Nd5 8. c4 Ba6 9. b3 g6 10. g3 Bg7 11.
Bb2 O-O 12. Bg2 Rae8 13. O-O Bxe5 14. Qxe5 Qxe5 15. Bxe5 Rxe5 16. cxd5 Bxf1 17. Kxf1 cxd5 18.
Nd2 c6 19. Rd1 Rb8 20. Nf3 Re7 21. Rd4 Kf8 22. Ra4 Rb7 23. Ne1 Re8 24. Nd3 Ra8 25. Nc5 Rc7 26. Ra6 Ke7 27. b4 Rb8 28. a3 f5 29. Ra5 Rb6 30. Ke2 Kd6 31. Kd2 Rc8 32. Rxa7 Rc7 33. Ra8 Ke5 34. f4+ Kd4 35. Bf1 d6 36.
Nb3+ Ke4 37. Bg2# 1-0

[Event "Late-Titled-Tuesday-Blitz-January-23-2024"]
[Site "Chess.com"]
[Date "2024.01.23"]
[Round "1"]
[White "SaqoChess_Twitch"]
[Black "carloseduar100"]
[Result "1-0"]
[WhiteElo "2607"]
[BlackElo "2296"]
[TimeControl "180+1"]
[EndTime "14:03:42 PST"]
[Termination "SaqoChess_Twitch won by resignation"]

1. d4 d5 2. c4 e5 3. dxe5 d4 4. Nf3 Nc6 5. a3 Nge7 6. g3 Ng6 7. Bg2 Ngxe5 8. Nxe5 Nxe5 9. O-O Be7 10. b4 O-O 11. Bb2 c5 12. b5 Ng4 13. h3 Nf6 14. Nd2 Qc7 15. a4 Be6 16. a5 Rad8 17. a6 b6 18. Ne4 Nxe4 19. Bxe4 Bxc4 20. Bxh7+ Kxh7 21. Qc2+ Kg8 22. Qxc4 Bf6 23. Rad1 Rfe8 24. e3 dxe3 25. Bxf6 exf2+ 26. Kh2 Rxd1 27. Qg4 g6 28. Qh4 1-0

[Event "Late-Titled-Tuesday-Blitz-January-23-2024"]
[Site "Chess.com"]
[Date "2024.01.23"]
[Round "1"]
[White "Doomfist26"]
[Black "chessflav"]
[Result "1-0"]
[WhiteElo "2599"]
[BlackElo "2271"]
[TimeControl "180+1"]
[EndTime "14:03:54 PST"]
[Termination "Doomfist26 won by resignation"]

1. e4 c5 2. Nf3 e6 3. d4 cxd4 4. Nxd4 Nc6 5. Nc3 Qc7 6. a3 a6 7. Be3 Nf6 8. f4 d6 9. Qf3 Be7 10. O-O-O e5 11. Nxc6 Qxc6 12. f5 b5 13. g4 Bb7 14. Bd3 Nd7 15. g5 g6 16. fxg6 hxg6 17.
Nd5 Bd8 18. Rhf1 Rh7 19. Kb1 Nb6 20. Bxb6 Bxb6 21. Nf6+ 1-0

[Event "Late-Titled-Tuesday-Blitz-January-23-2024"]
[Site "Chess.com"]
[Date "2024.01.23"]
[Round "1"]
[White "stoleriu"]
[Black "ritanovikova"]
[Result "1-0"]
[WhiteElo "2566"]
[BlackElo "2170"]
[TimeControl "180+1"]
[EndTime "14:04:10 PST"]
[Termination "stoleriu won by resignation"]

1. e4 e5 2. Nf3 Nf6 3. Nxe5 Nxe4 4. Qe2 Qe7 5. Qxe4 d6 6. d4 dxe5 7. dxe5 Nc6 8. Bf4 g6 9. Bb5 Bd7 10. O-O Bg7 11. Re1 O-O 12. Nc3 Rfe8 13. Nd5 Qd8 14. Rad1 Qc8 15. Bg5 Nxe5 16. Bxd7 Nxd7 17. Ne7+ Rxe7 18.
Qxe7 Nb6 19. c3 Bf8 20. Rd8 Qxd8 21. Qxd8 Rxd8 22. Bxd8 c6 23. Bxb6 axb6 24. Re8 Kg7 25. Rb8 Bc5 26. Rxb7 Kf6 27. b4 Bd6 28. Rxb6 1-0

[Event "Late-Titled-Tuesday-Blitz-January-23-2024"]
[Site "Chess.com"]
[Date "2024.01.23"]
[Round "1"]
[White "Kazan28"]
[Black "Josgar05"]
[Result "1/2-1/2"]
[WhiteElo "2616"]
[BlackElo "2323"]
[TimeControl "180+1"]
[EndTime "14:04:11 PST"]
[Termination "Game drawn by repetition"]

1. d4 d5 2. c4 c6 3. cxd5 cxd5 4. Bf4 Nc6 5. e3 Nf6 6. Nc3 a6 7. Be2 Bf5 8. Nf3 e6 9. O-O Bd6 10. Bxd6 Qxd6 11. Rc1 h6 12. Na4 O-O 13. Nc5 Rab8 14.
Qa4 Rfc8 15. a3 Ne4 16. Nxe4 dxe4 17. Nd2 e5 18. Nc4 Qe7 19. Nxe5 Nxe5 20. dxe5 Qxe5 21. Qb3 b5 22. h3 Be6 23. Qb4 Kh7 24. Rfd1 g6 25.
Bf1 h5 26. Be2 Bf5 27. Bf1 Be6 28. Be2 Bf5 29. Bf1 Be6 1/2-1/2

[Event "Late-Titled-Tuesday-Blitz-January-23-2024"]
[Site "Chess.com"]
[Date "2024.01.23"]
[Round "1"]
[White "MightyGMpretender"]
[Black "Cheer_Down"]
[Result "1-0"]
[WhiteElo "2758"]
[BlackElo "2429"]
[TimeControl "180+1"]
[EndTime "14:04:13 PST"]
[Termination "MightyGMpretender won by resignation"]

1. d4 Nf6 2. c4 e6 3. Nc3 Bb4 4. f3 d5 5. a3 Bxc3+ 6. bxc3 c5 7.
cxd5 Nxd5 8. dxc5 f5 9. Nh3 O-O 10. Nf4 Nxf4 11. Bxf4 Qa5 12. Bd6 Qxc3+ 13. Kf2 f4 14. g3 Rf5 15. Bxf4 Nd7 16. Bh3 Rd5 17. Bxe6+ 1-0

[Event "Late-Titled-Tuesday-Blitz-January-23-2024"]
[Site "Chess.com"]
[Date "2024.01.23"]
[Round "1"]
[White "chrisclaireredfield"]
[Black "finec2"]
[Result "1/2-1/2"]
[WhiteElo "2568"]
[BlackElo "2203"]
[TimeControl "180+1"]
[EndTime "14:04:13 PST"]
[Termination "Game drawn by repetition"]

1. Nf3 Nf6 2. c4 g6 3. Nc3 Bg7 4. b3 O-O 5. Bb2 d6 6. g3 e5 7. e4 Nc6 8. Bg2 h6 9. O-O Be6 10. d4 exd4 11. Nxd4 Nxd4 12. Qxd4 Nd5 13. Qd2 Nb4 14.
Rad1 Nc6 15. Rfe1 Qd7 16. Nd5 Bxd5 17. Bxg7 Kxg7 18. exd5 Ne5 19. f4 Ng4 20. h3 Nf6 21. Re3 Rfe8 22. Rde1 Rxe3 23. Qxe3 b6 24. Qd4 Re8 25.
Rf1 Qe7 26. Kh2 Qe3 27. Qb2 Qe2 28. Qa1 Qd2 29. Rd1 Qc2 30. Rc1 Qd2 31. Rd1 Qc2 32.
Rc1 Qd2 33. Rd1 1/2-1/2

[Event "Late-Titled-Tuesday-Blitz-January-23-2024"]
[Site "Chess.com"]
[Date "2024.01.23"]
[Round "1"]
[White "Zq1"]
[Black "js20000"]
[Result "0-1"]
[WhiteElo "2469"]
[BlackElo "2863"]
[TimeControl "180+1"]
[EndTime "14:04:23 PST"]
[Termination "js20000 won by resignation"]

1. d4 d5 2. c4 e6 3. Nc3 Nf6 4. Nf3 Be7 5. g3 dxc4 6. Bg2 O-O 7. Ne5 c5 8. dxc5 Qc7 9. Nxc4 Qxc5 10. Qb3 Nc6 11. Be3 Nd4 12. Bxd4 Qxd4 13. O-O Qc5 14. Rac1 Qb4 15. Nb5 Qxb3 16. axb3 a6 17. Nbd6 Rb8 18.
Rfd1 Rd8 19. Nb6 Bxd6 20. Nxc8 Rdxc8 21. Rxc8+ Rxc8 22. Rxd6 Rc1+ 23. Bf1 Kf8 24. Rb6 Ne4 25.
Kg2 Nd2 26. Rxb7 Rxf1 27. Rd7 Rd1 28. b4 Ke8 29. Rd3 Ke7 30. f4 Nc4 31. Rc3 Nxb2 32.
Rc2 Na4 33. Ra2 Nc3 34. Rxa6 Nxe2 35. Ra7+ Rd7 0-1

[Event "Late-Titled-Tuesday-Blitz-January-23-2024"]
[Site "Chess.com"]
[Date "2024.01.23"]
[Round "1"]
[White "GHANDEEVAM2003"]
[Black "Maxfan2008"]
[Result "1-0"]
[WhiteElo "3055"]
[BlackElo "2530"]
[TimeControl "180+1"]
[EndTime "14:04:29 PST"]
[Termination "GHANDEEVAM2003 won by resignation"]

1. Nf3 Nf6 2. g3 e6 3. Bg2 d5 4. O-O Be7 5. d4 O-O 6. c4 dxc4 7. Ne5 Nc6 8. Nxc6 bxc6 9. Na3 Bxa3 10. bxa3 Rb8 11.
Qa4 Rb6 12. Qxc4 Ba6 13. Qc2 Qd6 14. Rd1 Rd8 15. Bf4 Qd7 16. a4 Nd5 17. Bd2 Nb4 18.
Bxb4 Rxb4 19. Bxc6 Qd6 20. Bf3 Rdb8 21. Rac1 Bc4 22. a3 Bb3 23. Qxc7 Qxc7 24. Rxc7 Bxd1 25. axb4 Bxa4 26. Rxa7 Bb5 27. e3 g5 28. Ra8 Rxa8 29.
Bxa8 f5 30. f4 Kf7 31. fxg5 Kg6 32. h4 1-0

[Event "Late-Titled-Tuesday-Blitz-January-23-2024"]
[Site "Chess.com"]
[Date "2024.01.23"]
[Round "1"]
[White "HanSchut"]
[Black "ozates"]
[Result "0-1"]
[WhiteElo "2253"]
[BlackElo "2593"]
[TimeControl "180+1"]
[EndTime "14:04:31 PST"]
[Termination "ozates won by resignation"]

1. e4 e5 2. Nf3 Nc6 3. Bc4 Bc5 4. c3 Nf6 5. d4 exd4 6. b4 Bb6 7. e5 Ne4 8. Bd5 Nxc3 9. Nxc3 dxc3 10. Bg5 Ne7 11. O-O O-O 12. Bb3 Qe8 13. Re1 a5 14. bxa5 Rxa5 15.
Qd3 Ng6 16. h4 Nxe5 17. Nxe5 Rxe5 18. Rxe5 Qxe5 19. Kf1 d6 20. Re1 Qh2 21. Bc2 g6 22. Qxc3 Bg4 23. f3 Qg1+ 24. Ke2 Re8+ 25. Kd3 Bf5+ 26.
Kc4 Qxe1 27. Bxf5 Qxc3+ 0-1

[Event "Late-Titled-Tuesday-Blitz-January-23-2024"]
[Site "Chess.com"]
[Date "2024.01.23"]
[Round "1"]
[White "Nor1lsk"]
[Black "AndresDelgado77"]
[Result "1-0"]
[WhiteElo "2698"]
[BlackElo "2388"]
[TimeControl "180+1"]
[EndTime "14:04:38 PST"]
[Termination "Nor1lsk won on time"]

1. e4 e6 2. b3 d5 3. Bb2 Nf6 4.
e5 Nfd7 5. Qg4 c5 6. f4 Nc6 7.
Nf3 f5 8. Qg3 Nb4 9. Na3 d4 10. c3 dxc3 11. dxc3 Nd5 12. O-O-O Qa5 13. Ng5 Nb8 14. Bc4 a6 15. Rxd5 1-0

[Event "Late-Titled-Tuesday-Blitz-January-23-2024"]
[Site "Chess.com"]
[Date "2024.01.23"]
[Round "1"]
[White "PawnEatingZombie"]
[Black "skoularikii"]
[Result "0-1"]
[WhiteElo "2103"]
[BlackElo "2558"]
[TimeControl "180+1"]
[EndTime "14:04:40 PST"]
[Termination "skoularikii won by resignation"]

1. e4 e5 2. Nf3 Nc6 3. Nc3 g6 4. d4 exd4 5. Nxd4 Bg7 6. Be3 Nge7 7. Nb3 d6 8. Qd2 a6 9. h4 h5 10.
Be2 Be6 11. f3 b5 12. O-O-O Kf8 13. Bg5 Qc8 14. Nd5 Bxd5 15. exd5 Ne5 16. f4 Nc4 17. Bxc4 bxc4 18. Bxe7+ Kxe7 19. Nd4 Kf8 20. f5 Bh6 0-1

[Event "Late-Titled-Tuesday-Blitz-January-23-2024"]
[Site "Chess.com"]
[Date "2024.01.23"]
[Round "1"]
[White "dodoucb"]
[Black "GoltsevDmitry2000"]
[Result "0-1"]
[WhiteElo "2450"]
[BlackElo "2810"]
[TimeControl "180+1"]
[EndTime "14:04:45 PST"]
[Termination "GoltsevDmitry2000 won by resignation"]

1. d4 e6 2. c4 b6 3. Nf3 Bb7 4. a3 Nf6 5. Nc3 a5 6. Bg5 Be7 7. e3 h6 8. Bh4 Ne4 9. Bxe7 Qxe7 10. Qc2 Nxc3 11. Qxc3 d6 12. Be2 Nd7 13. O-O Nf6 14. b4 axb4 15. axb4 O-O 16. Nd2 e5 17. Rxa8 Rxa8 18.
Ra1 exd4 19. Rxa8+ Bxa8 20. Qxd4 Bb7 21. Bf3 Bxf3 22. Nxf3 Qe8 23. Qa1 Qe4 24. Qc1 Qd3 25. Nd2 Qe2 26. h3 g5 27. Qc3 Qe1+ 28. Nf1 Qxc3 0-1

[Event "Late-Titled-Tuesday-Blitz-January-23-2024"]
[Site "Chess.com"]
[Date "2024.01.23"]
[Round "1"]
[White "ybothg"]
[Black "iturrizaga"]
[Result "0-1"]
[WhiteElo "2524"]
[BlackElo "3028"]
[TimeControl "180+1"]
[EndTime "14:04:50 PST"]
[Termination "iturrizaga won by resignation"]

1. d4 Nf6 2. Bg5 d5 3. Bxf6 exf6 4. e3 Bd6 5. Bd3 O-O 6. Ne2 c6 7. O-O Re8 8. c4 dxc4 9. Bxc4 Nd7 10. Nbc3 f5 11.
Bd3 Nf6 12. Qc2 g6 13. h3 Kg7 14. a3 Qe7 15. b4 a5 16. b5 c5 17. dxc5 Bxc5 18. Nf4 Bd6 19. Ncd5 Nxd5 20. Nxd5 Qe5 21. Nf4 Bd7 22. Rfc1 Rac8 23. Qe2 Rxc1+ 24. Rxc1 Bxa3 25. Rc2 Bd6 26. Bc4 Qa1+ 27. Qf1 Qxf1+ 28. Kxf1 Bxf4 29. exf4 Rc8 30. Ke1 0-1

[Event "Late-Titled-Tuesday-Blitz-January-23-2024"]
[Site "Chess.com"]
[Date "2024.01.23"]
[Round "1"]
[White "ChessFighter_2011"]
[Black "ATM622"]
[Result "1-0"]
[WhiteElo "2925"]
[BlackElo "2495"]
[TimeControl "180+1"]
[EndTime "14:04:51 PST"]
[Termination "ChessFighter_2011 won by resignation"]

1. e4 c6 2. d4 d5 3. e5 Bf5 4. h4 h5 5. c4 e6 6. Nc3 Ne7 7. Nge2 dxc4 8. Ng3 Bg6 9. Bxc4 Nd5 10. Be2 Be7 11. Bxh5 Bxh5 12. Nxh5 g6 13. Nf4 Nxf4 14.
Bxf4 Rxh4 15. Rxh4 Bxh4 16. Qb3 Qb6 17. Ne4 Qxb3 18. Nd6+ Kf8 19. axb3 b6 20. Rc1 Be7 21. Ke2 b5 22. Rh1 Kg7 23. Ne8+ Kg8 24. Nc7 1-0

[Event "Late-Titled-Tuesday-Blitz-January-23-2024"]
[Site "Chess.com"]
[Date "2024.01.23"]
[Round "1"]
[White "FabianoCaruana"]
[Black "rdarruda"]
[Result "1-0"]
[WhiteElo "3030"]
[BlackElo "2524"]
[TimeControl "180+1"]
[EndTime "14:04:52 PST"]
[Termination "FabianoCaruana won by resignation"]

1. c4 e5 2. g3 Nf6 3. Bg2 Nc6 4. Nc3 d6 5. e3 Be7 6. Nge2 O-O 7.
O-O Bf5 8. d4 exd4 9. exd4 Qd7 10.
Nf4 Rfe8 11. b3 Rab8 12. h3 h6 13. Kh2 a6 14. Be3 Bf8 15. Rc1 Ne4 16. Nfd5 Nxc3 17. Nxc3 Nd8 18. Qd2 c6 19. d5 c5 20. a4 f6 21. Rce1 Nf7 22. f4 Re7 23. a5 Rbe8 24. Na4 Be4 25. Nb6 Qd8 26. Bf2 Bxg2 27. Kxg2 Rxe1 28.
Rxe1 Rxe1 29. Qxe1 Qe7 30. Qe6 Qxe6 31. dxe6 Nd8 32. f5 Nc6 33. Be1 Be7 34. g4 Bd8 35. Kf3 Bxb6 36. axb6 Nd4+ 37. Ke4 Nxb3 38. Kd5 Kf8 39.
Kxd6 Ke8 40. Kc7 a5 41. Kxb7 a4 42. Kc7 1-0

[Event "Late-Titled-Tuesday-Blitz-January-23-2024"]
[Site "Chess.com"]
[Date "2024.01.23"]
[Round "1"]
[White "semchik73"]
[Black "Cubitas"]
[Result "0-1"]
[WhiteElo "2409"]
[BlackElo "2729"]
[TimeControl "180+1"]
[EndTime "14:04:52 PST"]
[Termination "Cubitas won by resignation"]

1. Nf3 c5 2. c4 Nf6 3. e3 g6 4. d4 cxd4 5. exd4 Bg7 6. Nc3 O-O 7. Be2 d5 8. c5 b6 9. cxb6 Qxb6 10. O-O Ba6 11. Na4 Qd6 12. Nc5 Bxe2 13. Qxe2 Nbd7 14. b4 a5 15. Bd2 Ne4 16. Nxe4 dxe4 17. Qxe4 axb4 18. Bf4 Qe6 19. Qxe6 fxe6 20. Be3 Nb6 21. Ng5 Nd5 22. Nxe6 Rfc8 23. Nc5 Rxc5 24. dxc5 Bxa1 25.
Rxa1 b3 26. a3 Nc3 27. Bc1 Rc8 28. Bb2 Na4 29. Bd4 e5 30. Be3 b2 31. Rb1 Rd8 32.
Kf1 Nc3 33. c6 Nxb1 34. c7 Rc8 0-1

[Event "Late-Titled-Tuesday-Blitz-January-23-2024"]
[Site "Chess.com"]
[Date "2024.01.23"]
[Round "1"]
[White "luizzy"]
[Black "maurovargas01"]
[Result "1-0"]
[WhiteElo "2546"]
[BlackElo "1839"]
[TimeControl "180+1"]
[EndTime "14:04:53 PST"]
[Termination "luizzy won by resignation"]

1. b3 e5 2. Bb2 Nc6 3. e3 f5 4. d4 e4 5. d5 Nce7 6. Qh5+ g6 7. Qd1 Nf6 8. Bxf6 Rg8 9. d6 cxd6 10. Qxd6 Qa5+ 11.
Bc3 Qd8 12. Bc4 Nc6 13. Qd5 Rg7 14. Bxg7 Qa5+ 15. Qxa5 Nxa5 16. Bxf8 Kxf8 17. Nd2 a6 18. a4 Nc6 19. Ne2 Nb4 20. O-O-O d5 21. c3 Na2+ 22.
Kb2 Nxc3 23. Kxc3 dxc4 24. Nxc4 Be6 25. Rd6 Ke7 26. Rhd1 Rc8 27. Nf4 Bf7 28. Rd7+ Ke8 29. Kb4 b5 30. Rxf7 Kxf7 31. Nd6+ 1-0

[Event "Late-Titled-Tuesday-Blitz-January-23-2024"]
[Site "Chess.com"]
[Date "2024.01.23"]
[Round "1"]
[White "MyDream003"]
[Black "SameerMujumdar"]
[Result "1-0"]
[WhiteElo "2845"]
[BlackElo "2456"]
[TimeControl "180+1"]
[EndTime "14:04:54 PST"]
[Termination "MyDream003 won by resignation"]

1. Nf3 Nf6 2. c4 g6 3. b3 Bg7 4. Bb2 O-O 5. g3 d6 6. Bg2 e5 7.
d3 Nc6 8. Nbd2 Bg4 9. h3 Bd7 10. e3 Re8 11. O-O Qc8 12. Kh2 a5 13. a3 Bf5 14. e4 Bd7 15. Bc3 h6 16. b4 axb4 17. axb4 Rxa1 18. Qxa1 Nh5 19. b5 Ne7 20. d4 f6 21. Qb2 c6 22. Ra1 cxb5 23. cxb5 d5 24. dxe5 dxe4 25. Nxe4 Nd5 26. Bd4 fxe5 27. Bxe5 Bxe5 28.
Nxe5 Qc7 29. Ng4 Bxg4 30. hxg4 Ng7 31. Rd1 Rd8 32. Rxd5 Rxd5 33. Nf6+ 1-0